 Dungeon Sprint DCSS version 0.27.1-34-g3ba077fa99 (webtiles) character file.

Game seed: 3375921056917639480

25878 Arum the Slayer (level 13, -2/130 HPs)
             Began as a Formicid Fighter on Jan 15, 2022.
             Was the Champion of Okawaru.
             Slain by a red ugly thing (16 damage)
             ... in the Dungeon (Sprint IX: "|||||||||||||||||||||||||||||").
             The game lasted 00:08:51 (3198 turns).

Arum the Slayer (Formicid Fighter)                  Turns: 3198, Time: 00:08:51

Health: -2/130     AC: 28    Str: 24    XL:     13   Next: 53%
Magic:  16/19      EV: 10    Int: 10    God:    Okawaru [******]
Gold:   496        SH: 17    Dex: 13    Spells: 12/12 levels left

rFire    . . .     SeeInvis +   F - +4 lajatang (flame)
rCold    . . .     Faith    .   c - +0 kite shield
rNeg     . . .     Spirit   .   t - +2 plate armour {rPois}
rPois    +         Reflect  +   (helmet unavailable)
rElec    .         Harm     .   s - +0 cloak
rCorr    .         Rampage  .   r - +0 pair of gloves
Will     +....                  q - +1 pair of boots {Stlth+}
Stlth    ..........             A - amulet of reflection
HPRegen  0.31/turn              n - +2 ring of evasion
MPRegen  0.16/turn              m - +3 ring of dexterity

@: finesse-ful
A: permanent stasis, dig shafts and tunnels, antennae 3, four strong arms
a: Dig, Renounce Religion, Heroism, Finesse


You were in the Dungeon.
You worshipped Okawaru.
Okawaru was exalted by your worship.
You visited 1 branch You collected 1924 gold pieces.
You spent 1428 gold pieces at shops.

Inventory:

Hand Weapons
 a - a +0 quarterstaff
 k - a +6 quarterstaff of speed
 l - the +1 quarterstaff of Syptor {antimagic, rElec rPois rCorr Stlth+}
   (Okawaru gifted it to you in the Dungeon)

   It reduces the magical energy of the wielder, and disrupts the spells and
   magical abilities of those it strikes.
   Natural abilities and divine invocations are not affected.
   rElec:     It insulates you from electricity.
   rPois:     It protects you from poison.
   rCorr:     It protects you from acid and corrosion.
   Stlth:     It makes you more stealthy.
 F - a +4 lajatang of flaming (weapon)
Armour
 c - a +0 kite shield (worn)
 q - a +1 pair of boots of stealth (worn)
 r - a +0 pair of gloves (worn)
 s - a +0 cloak (worn)
 t - a +2 plate armour of poison resistance (worn)
 z - a +0 tower shield of fire resistance
Jewellery
 m - a +3 ring of dexterity (right hand)
 n - a +2 ring of evasion (left hand)
 A - an amulet of reflection (around neck)
 B - a ring of fire
 C - a ring of poison resistance
 D - a ring of willpower
 E - a ring of protection from cold
Wands
 d - a wand of charming (8)
 j - a wand of iceblast (7)
Scrolls
 f - a scroll of silence
 i - 2 scrolls of amnesia
 o - 4 scrolls of fog
 p - 3 scrolls of identify
 u - a scroll of brand weapon
 v - 7 scrolls of enchant armour
 w - a scroll of magic mapping
 x - a scroll of immolation
Potions
 b - 3 potions of heal wounds
 e - 7 potions of curing
 g - 4 potions of magic
 h - a potion of invisibility
 G - a potion of brilliance
 H - a potion of mutation


   Skills:
 + Level 21.4 Fighting
 - Level 14.0 Staves
 + Level 21.4 Armour
 - Level 9.0 Shields
 - Level 8.0 Invocations


You had 12 spell levels left.
You didn't know any spells.
Your spell library was empty.

Dungeon Overview and Level Annotations

Branches:
Dungeon (1/1)

Altars:
Cheibriados
Dithmenos
Elyvilon
Fedhas
Gozag
Hepliaklqana
Kikubaaqudgha
Makhleb
Nemelex Xobeh
Okawaru
Qazlal
Ru
Sif Muna
Trog
Uskayaw
Vehumet
Wu Jian
Xom
Yredelemnul
Zin
The Shining One
Beogh
Jiyva
Lugonu

Shops:
D =??[


Innate Abilities, Weirdness & Mutations

You cannot be hasted, slowed, berserked, paralysed or teleported.
You can dig through walls and to a lower floor.
You have a pair of large antennae on your head. (SInv)
Your four strong arms can wield two-handed weapons with a shield.


Message History

You barely miss the rakshasa.
The rakshasa is moderately wounded.
You closely miss the rakshasa.
The rakshasa is moderately wounded.
You closely miss the rakshasa.
The rakshasa is moderately wounded.
You block the rakshasa's attack.
You barely miss the rakshasa.
The rakshasa is moderately wounded.
You slice the rakshasa!! You burn the rakshasa.
The rakshasa is almost dead.
The injured rakshasa weaves a defensive illusion!
You slash the rakshasa! You burn the rakshasa.
You kill the rakshasa!
Okawaru accepts your kill.
You slice the ice dragon!! You burn the ice dragon!!
The ice dragon is severely wounded.
You closely miss the ice dragon.
The ice dragon is severely wounded.
You closely miss the ice dragon.
The ice dragon is severely wounded.
The ice dragon breathes frost at you. The blast of cold hits you!
* * * LOW HITPOINT WARNING * * *
You slice the ice dragon!! You burn the ice dragon!!
You kill the ice dragon!
Okawaru accepts your kill.
You slash the red ugly thing! You burn the red ugly thing.
The red ugly thing is moderately wounded.
You slice the red ugly thing!! You burn the red ugly thing.
The red ugly thing is heavily wounded.
You block the red ugly thing's attack.
You hit the red ugly thing but do no damage.
The red ugly thing is heavily wounded.
You closely miss the red ugly thing.
The red ugly thing is heavily wounded.
The red ugly thing claws you!
* * * LOW HITPOINT WARNING * * *
You are engulfed in flames!
You die...

÷÷÷.....††.......([.('...[[...'..
▓▓▓▓▓▓▓▓▓▓▓▓▓▓▓▓▓▓▓▓▓▓▓▓▓▓▓▓▓▓▓▓▓
.................................
▓▓▓▓▓▓▓▓▓▓▓▓▓▓▓▓▓▓▓▓▓▓▓▓▓▓▓▓▓▓▓▓▓
)))....))).))∩.∩)∩)∩.....'.......
▓▓▓▓▓▓▓▓▓▓▓▓▓▓▓▓▓▓▓▓▓▓▓▓▓▓▓▓▓▓▓▓▓
.................................
▓▓▓▓▓▓▓▓▓▓▓▓▓▓▓▓▓▓▓▓▓▓▓▓▓▓▓▓▓▓▓▓▓
.......?.'()))()@u......{
▓▓▓▓▓▓▓▓▓▓▓▓▓▓▓▓▓▓▓▓▓▓▓▓ { {{


{{{{{{{{{ {{{{{{{{{ You could see a red ugly thing.

Vanquished Creatures
  2 stone giants (D)
  A fire dragon (D)
  3 hydras (D)
  A boulder beetle (D)
  A rakshasa (D)
  A centaur warrior (D)
  An ice dragon (D)
  A two-headed ogre (D)
  2 tengu warriors (D)
  8 orc high priests (D)
  A skeletal warrior (D)
  A glowing orange brain (D)
  4 orc knights (D)
  3 cyclopes (D)
  4 orc sorcerers (D)
  7 cane toads (D)
  A kobold demonologist (D)
  A komodo dragon (D)
  A rime drake (D)
  2 tyrant leeches (D)
  A jumping spider (shapeshifter) (D)
  3 blink frogs (D)
  A vampire (D)
  2 wraiths (D)
  A yak (D)
  A wyvern (D)
  2 basilisks (D)
  A vampire mosquito (D)
  4 orc warriors (D)
  6 bullfrogs (D)
  2 howler monkeys (D)
  9 orc priests (D)
  2 iguanas (D)
  5 orc wizards (D)
  An adder skeleton (D)
  6 orcs (D)
  2 quokkas (D)
  A frilled lizard (D)
  3 rats (D)
99 creatures vanquished.

Vanquished Creatures (others)
  A deep elf pyromancer (D)
1 creature vanquished.

Grand Total: 100 creatures vanquished

Notes
Turn   | Place    | Note
-------+----------+-------------------------------------------
     0 | D        | Arum the Formicid Fighter began the quest for the Orb.
     0 | D        | Reached XP level 1. HP: 18/18 MP: 1/1
     0 | D        | Banished a spatial maelstrom
     2 | D        | Banished a spatial maelstrom
    72 | D        | Noticed an iguana
    72 | D        | Noticed an iguana
    74 | D        | Killed an iguana
    75 | D        | Reached skill level 5 in Shields
    75 | D        | Reached XP level 2. HP: 26/26 MP: 2/2
    75 | D        | Reached XP level 3. HP: 31/31 MP: 3/3
    84 | D        | Reached skill level 5 in Fighting
    84 | D        | Reached skill level 5 in Armour
    84 | D        | Reached XP level 4. HP: 21/39 MP: 4/4
   246 | D        | Found a snail-covered altar of Cheibriados.
   246 | D        | Found a shadowy altar of Dithmenos.
   246 | D        | Found a white marble altar of Elyvilon.
   246 | D        | Found a blossoming altar of Fedhas.
   246 | D        | Found an opulent altar of Gozag.
   247 | D        | Found a hazy altar of Hepliaklqana.
   248 | D        | Found a viscous altar of Jiyva.
   249 | D        | Found an ancient bone altar of Kikubaaqudgha.
   250 | D        | Found a corrupted altar of Lugonu.
   251 | D        | Found a burning altar of Makhleb.
   252 | D        | Found a sparkling altar of Nemelex Xobeh.
   253 | D        | Found an iron altar of Okawaru.
   254 | D        | Found a stormy altar of Qazlal.
   255 | D        | Found a sacrificial altar of Ru.
   256 | D        | Found a shimmering blue altar of Sif Muna.
   257 | D        | Found a bloodstained altar of Trog.
   258 | D        | Found a hide-covered altar of Uskayaw.
   259 | D        | Found a radiant altar of Vehumet.
   260 | D        | Found an ornate altar of the Wu Jian Council.
   261 | D        | Became a worshipper of Warmaster Okawaru
   262 | D        | Found a shimmering altar of Xom.
   263 | D        | Found a basalt altar of Yredelemnul.
   264 | D        | Found a glowing silver altar of Zin.
   265 | D        | Found a glowing golden altar of the Shining One.
   307 | D        | Noticed a wyvern
   307 | D        | Noticed a two-headed ogre
   307 | D        | Noticed a wraith
   307 | D        | Noticed a wraith
   312 | D        | Killed a wyvern
   312 | D        | Reached * piety under Okawaru
   313 | D        | Reached XP level 5. HP: 20/48 MP: 5/5
   313 | D        | Reached XP level 6. HP: 24/55 MP: 6/6
   323 | D        | Killed a two-headed ogre
   323 | D        | Reached ** piety under Okawaru
   323 | D        | Reached *** piety under Okawaru
   324 | D        | Reached skill level 10 in Fighting
   324 | D        | Reached skill level 10 in Armour
   324 | D        | Reached XP level 7. HP: 17/66 MP: 7/7
   324 | D        | Reached XP level 8. HP: 19/72 MP: 8/8
   333 | D        | Killed a wraith
   333 | D        | Reached **** piety under Okawaru
   349 | D        | Killed a wraith
   654 | D        | Noticed a deep elf pyromancer
   654 | D        | Noticed a kobold demonologist
   654 | D        | Noticed a jumping spider
   654 | D        | Noticed a vampire
   654 | D        | Noticed a tengu warrior
   654 | D        | Noticed a skeletal warrior
   655 | D        | Noticed a fire elemental
   663 | D        | Noticed a fire elemental
   667 | D        | Killed a kobold demonologist
   668 | D        | Reached skill level 10 in Staves
   668 | D        | Reached XP level 9. HP: 69/81 MP: 6/9
   687 | D        | Killed a jumping spider
   691 | D        | Killed a tengu warrior
   691 | D        | Reached ***** piety under Okawaru
   696 | D        | Killed a deep elf pyromancer
   707 | D        | Killed a skeletal warrior
   708 | D        | Reached XP level 10. HP: 39/92 MP: 6/10
  1026 | D        | Noticed a cane toad
  1026 | D        | Noticed a seven-headed hydra
  1026 | D        | Noticed a cane toad
  1034 | D        | Killed a seven-headed hydra
  1039 | D        | Killed a cane toad
  1047 | D        | Killed a cane toad
  1403 | D        | Noticed a rime drake
  1403 | D        | Noticed a komodo dragon
  1403 | D        | Noticed a cane toad
  1403 | D        | Noticed a four-headed hydra
  1403 | D        | Noticed a cane toad
  1404 | D        | Noticed a cane toad
  1411 | D        | Killed a rime drake
  1415 | D        | Noticed a cane toad
  1421 | D        | Killed a komodo dragon
  1421 | D        | Received a gift from Okawaru
  1422 | D        | Reached skill level 15 in Armour
  1422 | D        | Reached skill level 1 in Invocations
  1422 | D        | Reached XP level 11. HP: 81/101 MP: 4/12
  1427 | D        | Killed a four-headed hydra
  1428 | D        | Reached skill level 15 in Fighting
  1436 | D        | Reached skill level 5 in Invocations
  1704 | D        | Reached ****** piety under Okawaru
  1896 | D        | Noticed an orc knight
  1910 | D        | Noticed an orc knight
  1923 | D        | Killed an orc knight
  1941 | D        | Killed an orc knight
  2211 | D        | Noticed an orc sorcerer
  2211 | D        | Noticed an orc sorcerer
  2211 | D        | Noticed an orc sorcerer
  2211 | D        | Noticed an orc knight
  2217 | D        | Killed an orc sorcerer
  2220 | D        | Noticed a sun demon
  2220 | D        | Noticed an orc sorcerer
  2233 | D        | Killed an orc sorcerer
  2239 | D        | Killed an orc sorcerer
  2240 | D        | Reached XP level 12. HP: 71/114 MP: 15/18
  2503 | D        | Found Ogituobb's Jewellery Emporium.
  2503 | D        | Noticed an orc high priest
  2503 | D        | Noticed an orc high priest
  2503 | D        | Noticed an orc high priest
  2504 | D        | Noticed an orc high priest
  2511 | D        | Killed an orc high priest
  2512 | D        | Noticed an orc high priest
  2522 | D        | Killed an orc high priest
  2525 | D        | Found Piumitu Lau's Magic Scroll Shoppe.
  2526 | D        | Noticed a sixfirhy
  2528 | D        | Noticed a soul eater
  2533 | D        | Found Etiskeol's Magic Scroll Emporium.
  2541 | D        | Killed an orc high priest
  2543 | D        | Noticed a sixfirhy
  2552 | D        | Killed an orc high priest
  2553 | D        | Found Uginka's Armour Shoppe.
  2560 | D        | Killed an orc high priest
  2560 | D        | Identified the +1 quarterstaff of Syptor {antimagic, rElec
                  | rPois rCorr Stlth+} (Okawaru gifted it to you in the
                  | Dungeon)
  2560 | D        | Received a gift from Okawaru
  2562 | D        | Noticed an orc high priest
  2562 | D        | Noticed an orc high priest
  2574 | D        | Killed an orc high priest
  2575 | D        | Noticed an orc high priest
  2580 | D        | Killed an orc high priest
  2587 | D        | Killed an orc high priest
  2930 | D        | Bought a scroll of brand weapon for 200 gold pieces
  2930 | D        | Bought a scroll of enchant armour for 75 gold pieces
  2930 | D        | Bought a scroll of magic mapping for 35 gold pieces
  2932 | D        | Bought a scroll of immolation for 38 gold pieces
  2932 | D        | Bought a scroll of enchant weapon for 82 gold pieces
  2932 | D        | Bought a scroll of brand weapon for 220 gold pieces
  2932 | D        | Bought 3 scrolls of enchant armour for 247 gold pieces
  2932 | D        | Bought a scroll of enchant armour for 82 gold pieces
  2934 | D        | Bought a +0 tower shield of fire resistance for 149 gold
                  | pieces
  2940 | D        | Bought an amulet of reflection for 300 gold pieces
  3042 | D        | Found the +0 staff of Battle
  3113 | D        | Noticed a boulder beetle
  3113 | D        | Noticed a six-headed hydra
  3113 | D        | Noticed a centaur warrior
  3123 | D        | Noticed a tengu warrior
  3124 | D        | Noticed a stone giant
  3129 | D        | Killed a boulder beetle
  3137 | D        | Killed a four-headed hydra
  3138 | D        | Reached XP level 13. HP: 56/127 MP: 16/19
  3142 | D        | Noticed a fire dragon
  3148 | D        | Killed a stone giant
  3149 | D        | Noticed a stone giant
  3152 | D        | Received a gift from Okawaru
  3153 | D        | Killed a centaur warrior
  3154 | D        | Noticed a rakshasa
  3157 | D        | Noticed an ice dragon
  3176 | D        | Killed a fire dragon
  3181 | D        | Killed a stone giant
  3190 | D        | Killed a rakshasa
  3194 | D        | Killed an ice dragon
  3198 | D        | Slain by a red ugly thing

Illustrated notes

Levels and vault maps discovered:
D:        linesprint [early_d, line_temple, items_1, d_10, items_2, lair_1,
          lair_end, items_3, orc_1, orc_end, items_4, d_15, swamp_1, shoals_1,
          snake_1, spider_1, d_20, vaults_1, items_5, swamp_end, shoals_end,
          snake_end, spider_end, vaults_end, d_27, items_6, zot_1, zot_end,
          crypt_end, forest_end, elf_end, slime_end, tomb_end, abyss_end,
          pan_hell_end]

Skill      XL: |  1  2  3  4  5  6  7  8  9 10 11 12 13 |
---------------+----------------------------------------+-----
Shields        | 5 7 9 |  9.0
Fighting       | 4 5 7 10 11 13 14 17 19 21 | 21.4
Staves         | 3 4 6 9 10 12 13 14 | 14.0
Armour         | 4 5 7 10 11 13 15 17 19 21 | 21.4
Invocations    | 1 8 |  8.0

Action                   |  1- 3 |  4- 6 |  7- 9 | 10-12 | 13-15 || total
-------------------------+-------+-------+-------+-------+-------++-------
Melee: Quarterstaff      |    20 |    17 |    73 |   309 |       ||   419
       Lajatang          |       |       |       |    21 |    47 ||    68
Invok: Heroism           |       |       |     3 |     8 |       ||    11
       Finesse           |       |       |       |     4 |     1 ||     5
 Abil: Dig               |       |       |       |     1 |       ||     1
Evoke: Wand              |       |       |       |     3 |       ||     3
  Use: Potion            |       |     3 |     2 |       |     2 ||     7
       Scroll            |       |       |       |     6 |       ||     6
Armor: Scale mail        |     6 |     2 |       |       |       ||     8
       Chain mail        |       |     2 |    14 |    25 |       ||    41
       Plate armour      |       |       |       |    17 |     7 ||    24
Dodge: Dodged            |     5 |     5 |    15 |    29 |     6 ||    60
Block: Kite shield       |     5 |     4 |    22 |    60 |    11 ||   102
       Reflection        |       |       |       |     1 |       ||     1
